AoeStats
← Evan Mason

Arena

507693640Analyzed
4v4 RM · 14d ago on Sep 19, 2026· 41m 53s· 8 players
Game mode
Random Map
Map size
Large (8 player)
Population
200
Speed
Normal
Resources
Standard
Victory
Conquest
Starting age
Dark Age
Ending age
Imperial Age
RankedLock teamsTeams togetherTeam positionsShared explorationLock speedFull tech treeHidden civsTurbo modeCheats
Victory
Defeat
🇪🇸 Vietnamese · Spain
485
+20
🇹🇷 Celts · Türkiye
429
+22
🇬🇧 Khmer · United Kingdom
388
+24
🇬🇧 Persians · United Kingdom
381
+24
🇨🇳 Bohemians · China
626
-25
🇪🇸 Mongols · Spain
566
-22
🇳🇱 Shu · Netherlands
556
-22
🇪🇸 Franks · Spain
527
-21
A snickers7606
19:40 Feudal Age
29:29 Castle Age
30:49 Wheelbarrow
29:58 Horse Collar
30:10 Double-Bit Axe
30:28 Gold Mining
30:03 Crossbowman
34:25 Fortified Wall
37:06 Bow Saw
38:09 Hand Cart
37:51 Stone Mining
42:32 Imperial Age
40:07 Heavy Plow
40:45 Stone Shaft Mining
Footy_king11
19:30 Feudal Age
19:50 Double-Bit Axe
20:00 Gold Mining
20:05 Stone Mining
20:32 Horse Collar
24:53 Castle Age
24:46 Pikeman
28:53 Scale Barding Armor
30:47 Heavy Plow
34:39 Husbandry
34:49 Bloodlines
35:03 Chain Barding Armor
34:55 Forging
35:23 Bow Saw
37:18 Wheelbarrow
36:33 Loom
40:59 Hand Cart
41:52 Iron Casting
RSAngelillo
0:41 Loom
12:59 Feudal Age
13:29 Double-Bit Axe
14:24 Wheelbarrow
13:32 Horse Collar
16:08 Gold Mining
22:33 Castle Age
20:35 Stone Mining
22:37 Padded Archer Armor
22:29 Fletching
24:11 Heavy Plow
24:25 Bow Saw
23:41 Crossbowman
25:53 Thumb Ring
25:48 Town Watch
27:34 Leather Archer Armor
27:15 Bodkin Arrow
28:35 Fortified Wall
29:55 Stone Shaft Mining
31:23 Hand Cart
31:09 Town Patrol
31:24 Pikeman
32:04 Squires
32:22 Scale Mail Armor
33:53 Husbandry
38:38 Imperial Age
38:26 Forging
38:32 Chain Mail Armor
40:02 Elite Fire Lancer
李靖
10:37 Feudal Age
11:13 Loom
15:23 Castle Age
13:10 Horse Collar
13:36 Double-Bit Axe
28:26 Wheelbarrow
27:37 Town Watch
31:01 Imperial Age
28:46 Gold Mining
28:46 Stone Mining
28:46 Gold Mining
28:46 Stone Mining
30:38 Gold Shaft Mining
30:38 Stone Shaft Mining
30:38 Gold Shaft Mining
30:38 Stone Shaft Mining
30:35 Stronghold
30:57 Forging
30:48 Scale Mail Armor
30:35 Arson
30:12 Pikeman
31:58 Furor Celtica
31:17 Capped Ram
32:14 Bow Saw
32:27 Heavy Plow
33:09 Iron Casting
32:50 Chain Mail Armor
32:58 Conscription
33:04 Conscription
33:15 Elite Woad Raider
35:45 Blast Furnace
35:17 Plate Mail Armor
35:56 Hand Cart
35:42 Town Patrol
37:15 Conscription
38:24 Fletching
38:35 Padded Archer Armor
40:35 Hoardings
39:30 Sappers
40:11 Siege Ram
40:34 Halberdier
41:10 Onager
41:11 Heavy Scorpion
A
0:29 Loom
11:02 Feudal Age
11:36 Double-Bit Axe
19:24 Gold Mining
19:28 Stone Mining
20:24 Forging
24:01 Castle Age
22:40 Man-at-Arms
23:37 Scale Barding Armor
24:31 Scale Mail Armor
24:26 Pikeman
25:46 Elite Skirmisher
25:49 Long Swordsman
26:15 Gambesons
28:11 Fletching
28:22 Padded Archer Armor
29:27 Wheelbarrow
29:43 Husbandry
29:04 Light Cavalry
30:47 Bow Saw
32:14 Squires
33:26 Gold Shaft Mining
35:31 Hand Cart
39:13 #83
40:18 Chain Barding Armor
McVainas
0:57 Loom
12:10 Feudal Age
13:03 Horse Collar
13:13 Double-Bit Axe
19:05 Gold Mining
21:28 Castle Age
32:14 Wheelbarrow
31:45 Stone Mining
32:07 Heavy Plow
33:10 Gold Shaft Mining
33:37 Ballistics
36:16 Imperial Age
35:59 Stone Shaft Mining
36:34 Bow Saw
36:43 Hand Cart
39:27 Chemistry
38:23 Murder Holes
38:39 Fortified Wall
38:41 Masonry
38:51 Caravan
41:44 Hoardings
41:30 Conscription
42:03 Parthian Tactics
Darkrio
3:45 Loom
14:14 Feudal Age
15:56 Wheelbarrow
15:15 Double-Bit Axe
15:12 Horse Collar
15:07 Man-at-Arms
20:39 Castle Age
20:50 Forging
21:04 Arson
21:27 Long Swordsman
24:50 Gambesons
30:25 Hand Cart
30:40 Caravan
31:01 Scale Mail Armor
30:29 Pikeman
31:53 Light Cavalry
36:26 Chain Mail Armor
39:29 Imperial Age
38:49 Squires
38:15 Elite Skirmisher
39:01 Thumb Ring
Evan Mason
10:32 Feudal Age
10:58 Horse Collar
19:27 Castle Age
19:45 Double-Bit Axe
20:28 Heavy Plow
21:49 Wheelbarrow
24:34 Hand Cart
24:08 Town Watch
25:44 Bow Saw
26:08 Fletching
26:29 Forging
28:50 Chemistry
28:13 Ballistics
33:14 Town Patrol
35:53 Imperial Age
33:46 Murder Holes
35:03 Bodkin Arrow
35:43 Iron Casting
36:25 Husbandry
36:34 Squires
35:59 Pikeman
37:04 Masonry
39:03 Blast Furnace
38:04 Bracer
39:13 Scale Barding Armor
Connection lost

Rejoining the realm…

Still unreachable

The connection could not be restored.

Session expired

The server has moved on; the page needs a fresh start.